 Dungeon Crawl Stone Soup version 0.24-a0-778-g74da537585 (webtiles) character file.

Game seed: 9377926400370790337, levelgen mode: deterministic

173 Kohma the Charmwright (level 5, 0/43 HPs)
             Began as a Gnoll Skald on Oct 7, 2019.
             Succumbed to Edmund's poison
             ... on level 4 of the Dungeon.
             The game lasted 00:10:13 (2705 turns).

Kohma the Charmwright (Gnoll Skald)                 Turns: 2705, Time: 00:10:13

Health: 0/43       AC: 10    Str: 14    XL:     5   Next: 53%
Magic:  7/12       EV: 11    Int: 21    God:
Gold:   185        SH:  0    Dex: 14    Spells: 3/14 levels left

rFire    . . .     SeeInvis .   a - +0 spear
rCold    + + +     Gourm    .   (no shield)
rNeg     . . .     Faith    .   h - +0 ice dragon scales
rPois    +         Spirit   .   (no helmet)
rElec    +         Reflect  .   (no cloak)
rCorr    +         Harm     .   (no gloves)
MR       .....                  (no boots)
Stlth    ..........             (no amulet)
HPRegen  0.14/turn              (no ring)
MPRegen  0.13/turn              (no ring)

@: brilliant, lethally poisoned (0 -> -44), resistant
A: distributed training, fangs 1, strong nose
a: no special abilities


You were on level 4 of the Dungeon.
You were hungry.

You visited 1 branch of the dungeon, and saw 4 of its levels.

You collected 185 gold pieces.

Inventory:

Hand Weapons
 a - a +0 spear (weapon)
Missiles
 i - 19 poisoned darts (quivered)
 k - 130 stones
 t - a throwing net
Armour
 b - a +0 leather armour
 h - +0 ice dragon scales (worn)
 v - a +0 shield
Jewellery
 g - an uncursed amulet of guardian spirit {unknown}
Scrolls
 c - a scroll of immolation {unknown}
 l - 2 scrolls of identify {unknown}
 m - a scroll of remove curse {unknown}
 q - a scroll of amnesia {unknown}
 r - a scroll of fog {unknown}
 s - a scroll of enchant weapon {unknown}
 u - 2 scrolls of teleportation {unknown}
 w - a scroll of fear {unknown}
 y - a scroll of enchant armour {unknown}
Potions
 j - a potion of flight
 o - a potion of ambrosia {unknown}
 p - a potion of heal wounds {unknown}
Comestibles
 d - 6 rations


   Skills:
 + Level 4.8 Fighting
 + Level 1.5 Short Blades
 + Level 1.5 Long Blades
 + Level 1.5 Axes
 + Level 1.5 Maces & Flails
 + Level 4.8 Polearms
 + Level 1.5 Staves
 + Level 1.5 Slings
 + Level 1.5 Bows
 + Level 1.5 Crossbows
 + Level 1.5 Throwing
 + Level 3.0 Armour
 + Level 4.8 Dodging
 + Level 1.5 Stealth
 + Level 1.5 Shields
 + Level 1.5 Unarmed Combat
 + Level 5.2 Spellcasting
 + Level 1.2 Conjurations
 + Level 1.2 Hexes
 + Level 5.5 Charms
 + Level 1.2 Summonings
 + Level 1.2 Necromancy
 + Level 1.2 Translocations
 + Level 1.2 Transmutations
 + Level 1.2 Fire Magic
 + Level 1.2 Ice Magic
 + Level 1.2 Air Magic
 + Level 1.2 Earth Magic
 + Level 1.2 Poison Magic
 + Level 1.7 Invocations
 + Level 1.5 Evocations


You had 3 spell levels left.
You knew the following spells:

 Your Spells              Type           Power        Failure   Level  Hunger
a - Infusion              Chrm           ####         1%          1    None
b - Song of Slaying       Chrm           #####...     1%          2    None
c - Regeneration          Chrm/Necr      ####......   5%          3    ##.....
d - Shroud of Golubria    Chrm/Tloc      ####..       2%          2    None
e - Spectral Weapon       Hex/Chrm       ####....     5%          3    ##.....

Your spell library contained the following spells:

 Spells                   Type           Power        Failure   Level  Hunger


Dungeon Overview and Level Annotations

Branches:
Dungeon (4/15)
 Temple: D:4-7

Altars:
Cheibriados
Qazlal
Ru
Xom
The Shining One

Annotations:
D:4 Edmund


Innate Abilities, Weirdness & Mutations

Your experience applies equally to all skills.
You have very sharp teeth.
Your uncanny sense of smell can sniff out nearby items.


Message History

You feel very sick. Edmund completely misses you.
It was a potion of cancellation.
Your magical effects are unravelling.
You feel magically purged.
Your magical contamination has completely faded away.
You float gracefully downwards.
You are no longer glowing.
Your shroud unravels.
* * * LOW HITPOINT WARNING * * *
You feel sick. Edmund hits you but does no damage.
You are more poisoned.
It was a potion of resistance.
You feel protected.
* * * LOW HITPOINT WARNING * * *
You feel very sick. Edmund hits you but does no damage.
You are more poisoned.
It was a potion of brilliance.
You feel clever all of a sudden.
You die...

##... #.# #.#
##.....##.# #.# ###
##.......#.## #.#
#.# #.....[.....#
#.###.# #......
#..#####.##..'
#.....
#.>..........#
#...###.######.#####
#.@...........#
#.@###.######## #..#
#.# ....# #.# ∆
###..# #.# # #..#
#.# #..# #.. #..#
### #...


You could see Edmund.

Vanquished Creatures
  Terence (D:3)
  7 adders
  A worm (D:2)
  A dart slug (D:1)
  A leopard gecko (D:1)
  3 orcs (D:3)
  12 bats
  5 giant cockroaches
  6 goblins
  10 hobgoblins
  7 jackals
  6 kobolds
  3 quokkas (D:3)
  2 ball pythons (D:4)
  2 frilled lizards
  7 rats
74 creatures vanquished.

Notes
Turn   | Place    | Note
-------+----------+-------------------------------------------
     0 | D:1      | Kohma the Gnoll Skald began the quest for the Orb.
     0 | D:1      | Reached XP level 1. HP: 20/20 MP: 6/6
   117 | D:1      | Reached XP level 2. HP: 21/26 MP: 7/7
   303 | D:1      | Learned a level 2 spell: Song of Slaying
   516 | D:1      | Reached XP level 3. HP: 31/31 MP: 9/9
   522 | D:1      | Reached skill level 5 in Spellcasting
   916 | D:2      | Reached skill level 1 in Invocations
  1142 | D:2      | Reached skill level 1 in Short Blades
  1142 | D:2      | Reached skill level 1 in Long Blades
  1142 | D:2      | Reached skill level 1 in Axes
  1142 | D:2      | Reached skill level 1 in Maces & Flails
  1142 | D:2      | Reached skill level 1 in Staves
  1142 | D:2      | Reached skill level 1 in Slings
  1142 | D:2      | Reached skill level 1 in Bows
  1142 | D:2      | Reached skill level 1 in Crossbows
  1142 | D:2      | Reached skill level 1 in Throwing
  1142 | D:2      | Reached skill level 1 in Stealth
  1142 | D:2      | Reached skill level 1 in Shields
  1142 | D:2      | Reached skill level 1 in Unarmed Combat
  1142 | D:2      | Reached skill level 1 in Evocations
  1153 | D:2      | Learned a level 3 spell: Regeneration
  1156 | D:2      | Learned a level 2 spell: Shroud of Golubria
  1160 | D:2      | Learned a level 3 spell: Spectral Weapon
  1193 | D:2      | Reached XP level 4. HP: 38/38 MP: 11/11
  1819 | D:3      | Found a stormy altar of Qazlal.
  1819 | D:3      | Found a snail-covered altar of Cheibriados.
  1820 | D:3      | Found a shimmering altar of Xom.
  1844 | D:3      | Reached skill level 1 in Conjurations
  1844 | D:3      | Reached skill level 1 in Hexes
  1844 | D:3      | Reached skill level 1 in Summonings
  1844 | D:3      | Reached skill level 1 in Necromancy
  1844 | D:3      | Reached skill level 1 in Translocations
  1844 | D:3      | Reached skill level 1 in Transmutations
  1844 | D:3      | Reached skill level 1 in Fire Magic
  1844 | D:3      | Reached skill level 1 in Ice Magic
  1844 | D:3      | Reached skill level 1 in Air Magic
  1844 | D:3      | Reached skill level 1 in Earth Magic
  1844 | D:3      | Reached skill level 1 in Poison Magic
  1925 | D:3      | Found a sacrificial altar of Ru.
  1970 | D:3      | Noticed Terence
  1997 | D:3      | Killed Terence
  1997 | D:3      | Reached XP level 5. HP: 42/43 MP: 8/12
  2247 | D:3      | Found a glowing golden altar of the Shining One.
  2677 | D:4      | Noticed Edmund
  2705 | D:4      | Succumbed to Edmund's poison

Levels and vault maps discovered:
D:1:      psy_arrival_spokes, layout_basic
D:2:      layout_basic
D:3:      layout_basic, old_standard_altar, gammafunk_temple_overflow_claw,
          nicolae_ru_sacrificial_ziggurat, uniq_terence
D:4:      layout_loops_ring, temple_green, first_ration, saegor_snake_ambush,
          uniq_blork_the_orc, uniq_edmund

Skill      XL: |  1  2  3  4  5 |
---------------+----------------+-----
Spellcasting   | 5 |  5.2
Invocations    | 1 |  1.7
Short Blades   | 1 |  1.5
Long Blades    | 1 |  1.5
Axes           | 1 |  1.5
Maces & Flails | 1 |  1.5
Staves         | 1 |  1.5
Slings         | 1 |  1.5
Bows           | 1 |  1.5
Crossbows      | 1 |  1.5
Throwing       | 1 |  1.5
Stealth        | 1 |  1.5
Shields        | 1 |  1.5
Unarmed Combat | 1 |  1.5
Evocations     | 1 |  1.5
Conjurations   | 1 |  1.2
Hexes          | 1 |  1.2
Summonings     | 1 |  1.2
Necromancy     | 1 |  1.2
Translocations | 1 |  1.2
Transmutations | 1 |  1.2
Fire Magic     | 1 |  1.2
Ice Magic      | 1 |  1.2
Air Magic      | 1 |  1.2
Earth Magic    | 1 |  1.2
Poison Magic   | 1 |  1.2
Armour         | 3 |  3.0
Fighting       | |  4.8
Polearms       | |  4.8
Dodging        | |  4.8
Charms         | |  5.5

Action                   |  1- 3 |  4- 6 || total
-------------------------+-------+-------++-------
Melee: Spear             |   154 |   247 ||   401
       Bite              |    12 |    26 ||    38
       Punch             |       |     2 ||     2
 Cast: Infusion          |     2 |       ||     2
       Shroud of Golubri |       |     2 ||     2
  Use: Potion            |       |     4 ||     4
 Stab: Sleeping          |     1 |       ||     1
  Eat: Chunk             |     1 |     5 ||     6
Armor: Leather armour    |     9 |       ||     9
       Ice dragon scales |    42 |    88 ||   130
Dodge: Dodged            |    77 |   121 ||   198

Table legend:
 A = Non-vault XP
 B = Vault XP
 C = Vault XP percentage of total XP
 D = Non-vault monster count
 E = Vault monster count
 F = Vault count percentage of total count
                 A         B        C        D         E       F
            +---------+---------+-------+---------+---------+-------
      Total |     197 |      51 |  20.6 |      70 |       4 |   5.4
            +---------+---------+-------+---------+---------+-------
        D:1 |      40 |       0 |   0.0 |      22 |       0 |   0.0
        D:2 |      87 |       0 |   0.0 |      28 |       0 |   0.0
        D:3 |      68 |      36 |  34.6 |      19 |       1 |   5.0
        D:4 |       2 |      15 |  88.2 |       1 |       3 |  75.0
            +---------+---------+-------+---------+---------+-------
